Map: New Repugnancy LE

Players

Mike

  • Race: Protoss Protoss
  • League: Master
  • Spawn Location: 1:00

Mez - Winner!

  • Race: Terran Terran
  • League: Master
  • Spawn Location: 7:00

VOD

Have the link to the VOD?

Description

Time

  • Played on: July 30, 2019, 11:38 a.m.
  • Length: 8:14
Show
View Real Time Build Order
Export as new Build Order

Mike Protoss 

Build Orders: Zealot Archon, Dark Templar Rush 

Get SALT Encoding   

  12  0:03  Probe  
  13  0:15  Probe  
  13  0:19  Pylon  
  14  0:26  Probe  
  15  0:34  Probe  
  15  0:39  Gateway  
  16  0:42  Probe  
  17  0:53  Probe, Assimilator  
  18  1:01  Probe  
  18  1:02  Assimilator  
  18  1:09  Probe  
  20  1:20  Probe  
  21  1:26  Cybernetics Core  
  21  1:32  Probe  
  22  1:36  Pylon  
  22  1:44  Probe  
  23  1:56  Probe  
  23  1:58  Stalker  
  24  2:04  Warp Gate  
  26  2:08  Probe  
  26  2:24  Twilight Council  
  26  2:26  Stalker  
  28  2:40  Nexus  
  28  2:46  Pylon  
  28  2:50  Probe  
  29  3:15  Probe  
  30  3:20  Gateway  
  30  3:23  Dark Shrine  
  30  3:27  Probe  
  31  3:39  Probe  
  31  3:40  Gateway  
  30  3:51  Probe  
  30  3:54  Probe  
  30  3:55  Stalker  
  32  4:02  Probe  
  31  4:04  Probe  
  31  4:10  Probe  
  31  4:16  Probe, Gateway  
  33  4:17  Sentry  
  33  4:18  Sentry  
  33  4:19  Probe  
  38  4:25  Gateway  
  38  4:27  Probe  
  39  4:35  Probe  
  39  4:37  Dark Templar  
  38  4:41  Dark Templar  
  41  4:45  Probe  
  41  4:47  Assimilator, Probe  
  43  4:58  Probe  
  44  5:04  Dark Templar  
  44  5:05  Probe  
  45  5:10  Probe  
  45  5:15  Probe  
  46  5:22  Probe, Gateway  
  46  5:23  Probe  
  46  5:26  Pylon  
  48  5:29  Forge  
  48  5:32  Stalker, Probe  
  48  5:34  Probe  
  51  5:41  Probe  
  50  5:46  Probe  
  50  5:48  Assimilator, Protoss Shields Level 1  
  50  5:49  Probe  
  52  5:51  Pylon  
  52  5:55  Templar Archives  
  53  5:58  Archon, Probe x2  
  55  6:10  Probe x2  
  57  6:21  Psionic Storm  
  57  6:22  Zealot x2, Probe  
  57  6:23  Zealot x3  
  68  6:26  Pylon  
  68  6:31  Charge  
  68  6:45  Nexus  
  68  6:49  High Templar  
  68  6:51  Probe  
  71  6:57  Pylon  
  71  7:01  Shield Battery  
  71  7:02  Photon Cannon  
  71  7:12  High Templar  
  73  7:18  Probe  
  73  7:20  Pylon  
  73  7:22  Probe  
  75  7:23  Gateway  
  75  7:29  High Templar, Zealot  
  79  7:30  Zealot x3  
  79  7:32  Probe  
  86  7:38  Probe  
  86  7:39  Pylon  
  86  7:44  Probe, Robotics Facility  
  86  7:47  Pylon  
  86  7:51  Probe  
  65  7:52  Dark Templar x2  
  63  8:03  Dark Templar  
  63  8:05  Zealot x2  
Show
View Real Time Build Order
Export as new Build Order

Mez Terran - Winner!

Build Orders: Reaper Expand 

Get SALT Encoding   

  12  0:00  SCV  
  13  0:12  SCV  
  14  0:17  Supply Depot  
  14  0:25  SCV  
  15  0:39  SCV  
  15  0:40  Barracks  
  16  0:44  Refinery  
  16  0:51  SCV  
  17  1:03  SCV  
  18  1:15  SCV  
  19  1:29  Reaper, Orbital Command  
  20  1:47  Command Center  
  20  1:56  SCV  
  21  2:04  Barracks Reactor  
  21  2:10  Barracks  
  21  2:12  Barracks  
  21  2:21  SCV  
  22  2:23  Supply Depot  
  22  2:33  SCV  
  23  2:44  Marine x2  
  23  2:45  SCV  
  26  2:52  Bunker  
  26  2:57  Engineering Bay, SCV  
  27  2:59  Barracks Tech Lab  
  27  3:05  Orbital Command  
  26  3:07  Marine  
  27  3:19  Concussive Shells, Marauder  
  26  3:28  SCV  
  26  3:32  Marine x2  
  26  3:33  Marine  
  29  3:39  Marine  
  29  3:41  Terran Infantry Weapons Level 1  
  29  3:57  Marine x3  
  29  3:58  Marauder  
  33  4:05  SCV  
  33  4:06  SCV  
  34  4:14  Stimpack  
  34  4:18  Marine x3  
  34  4:19  Marine  
  34  4:21  SCV x2  
  40  4:33  SCV  
  40  4:34  SCV, Supply Depot  
  40  4:38  Marine x4  
  46  4:46  Refinery  
  46  4:47  Refinery  
  46  4:54  Factory  
  46  4:56  SCV x2  
  46  5:02  Missile Turret  
  41  5:08  Missile Turret, SCV x2  
  41  5:12  Marine x3, Marauder  
  44  5:20  SCV x2  
  46  5:32  SCV x2  
  46  5:33  Supply Depot  
  46  5:35  Marine x3, Marauder  
  52  5:39  Starport  
  52  5:40  Factory Reactor  
  53  5:44  SCV  
  54  5:54  SCV  
  54  5:57  SCV  
  56  6:04  Marine x3, Marauder  
  58  6:07  Terran Infantry Armor Level 1, Supply Depot  
  61  6:12  Supply Depot  
  61  6:16  SCV  
  61  6:17  SCV  
  63  6:23  Combat Shield  
  63  6:26  Medivac x2  
  63  6:31  Marine x2  
  63  6:32  Marine  
  70  6:33  Marine  
  71  6:41  Supply Depot  
  71  6:42  Supply Depot  
  71  6:45  SCV x2  
  73  6:51  Marine x3  
  73  6:52  Marine  
  77  6:56  Medivac x2  
  81  7:06  Supply Depot  
  80  7:09  Supply Depot  
  80  7:15  Marine, Marauder, Barracks Tech Lab  
  82  7:16  Marine  
  82  7:20  SCV x2  
  86  7:25  Command Center  
  86  7:35  Supply Depot  
  86  7:36  Marine  
  86  7:37  Marine x2, Marauder  
Tags
 
Add a new tag
Caveats
  • Supply blocks, unpowered buildings, or Contaminate may cause inaccurate times.
  • Supply counts are checked every 10 seconds.